 Dungeon Crawl Stone Soup version 0.29-a0-676-ga64570c9d2 (webtiles) character file.

Game seed: 1187468002921432738

1863 dolemite99 the Chiller (level 9, 0/65 HPs)
             Began as a Gnoll Ice Elementalist on June 25, 2022.
             Was a Follower of Nemelex Xobeh.
             Killed by nerve-wracking pain
             ... invoked by Grinder
              (4 damage)
             ... on level 6 of the Dungeon.
             The game lasted 00:10:18 (7195 turns).

dolemite99 the Chiller (Gnoll Ice Elementalist)     Turns: 7195, Time: 00:10:19

Health: 0/65       AC:  9    Str:  7    XL:     9   Next: 13%
Magic:  17/18      EV: 13    Int: 20    God:    Nemelex Xobeh [*.....]
Gold:   240        SH:  7    Dex: 12    Spells: 12/20 levels left

rFire   . . .      SeeInvis .   b - +0 hand crossbow
rCold   . . .      Faith    .   h - +2 buckler {reflect}
rNeg    . . .      Spirit   .   q - +0 leather armour
rPois   +          Reflect  +   (no helmet)
rElec   .          Harm     .   e - +2 cloak {rPois}
rCorr   .          Rampage  .   (no gloves)
Will    .....                   j - +2 pair of boots
Stlth   +++.......              (no amulet)
HPRegen 0.20/turn               (no ring)
MPRegen 0.16/turn               (no ring)

@: about to teleport
A: fangs 1, strong nose, distributed training
a: Renounce Religion, Draw Escape, Draw Destruction, Draw Summoning


You were on level 6 of the Dungeon.
You worshipped Nemelex Xobeh.
Nemelex Xobeh was aware of your devotion.
You visited 1 branch of the dungeon, and saw 6 of its levels.

You collected 240 gold pieces.

Inventory:

Hand Weapons
 a - a +2 hand axe of freezing
 b - a +0 hand crossbow (weapon)
 i - a +1 trident
Missiles
 f - 37 stones
 g - 3 boomerangs
Armour
 e - a +2 cloak of poison resistance (worn)
 h - a +2 buckler of reflection (worn)
 j - a +2 pair of boots (worn)
 m - an orb of guile
 q - a +0 leather armour (worn)
 u - a +0 robe
Magical Staves
 k - a staff of conjuration
Jewellery
 o - a ring of ice
 r - a +6 ring of strength
Scrolls
 c - 3 scrolls of teleportation
 l - 2 scrolls of amnesia
 w - 3 scrolls of identify {@r1}
Potions
 d - a potion of mutation {unknown}
 n - a potion of attraction {unknown}
 p - a potion of invisibility {unknown}
 s - a potion of lignification {unknown}
 t - a potion of brilliance {unknown}
 v - a potion of magic


   Skills:
 + Level 3.9 Fighting
 + Level 3.9 Short Blades
 + Level 3.9 Long Blades
 + Level 3.9 Axes
 + Level 3.9 Maces & Flails
 + Level 3.9 Polearms
 + Level 3.9 Staves
 + Level 3.9 Slings
 + Level 3.9 Bows
 + Level 3.9 Crossbows
 + Level 3.9 Throwing
 + Level 3.9 Armour
 + Level 6.1 Dodging
 + Level 5.8 Stealth
 + Level 3.9 Shields
 + Level 3.9 Unarmed Combat
 + Level 6.4 Spellcasting
 + Level 3.2 Conjurations
 + Level 3.2 Hexes
 + Level 3.2 Summonings
 + Level 3.2 Necromancy
 + Level 3.2 Translocations
 + Level 3.2 Transmutations
 + Level 3.2 Fire Magic
 + Level 7.9 Ice Magic
 + Level 3.2 Air Magic
 + Level 3.2 Earth Magic
 + Level 3.2 Poison Magic
 + Level 4.3 Invocations
 + Level 3.9 Evocations


You had 12 spell levels left.
You knew the following spells:

 Your Spells              Type           Power      Damage    Failure   Level
a - Freeze                Ice            100%       1d11      1%          1
b - Sandblast             Erth           38%        2d10      4%          1
c - Frozen Ramparts       Ice            76%        1d9       2%          3
d - Ozocubu's Armour      Ice            38%        N/A       2%          3

Your spell library contained the following spells:

 Spells                   Type           Power      Damage    Failure   Level
 Passwall                 Tmut/Erth      15%        N/A       8%          2
 Conjure Flame            Conj/Fire      19%        6-21      16%         3
 Ignite Poison            Fire/Tmut/Pois 19%        N/A       16%         3
 Stone Arrow              Conj/Erth      38%        3d9       16%         3
 Hailstorm                Conj/Ice       28%        3d8       19%         4
 Animate Armour           Summ/Erth      38%        N/A       45%         4
 Sticky Flame             Conj/Fire      19%        2d4       45%         4
 Lehudib's Crystal Spear  Conj/Erth      9%         10d4      100%        8


Dungeon Overview and Level Annotations

Branches:
Dungeon (6/15)             Temple (0/1) D:4

Altars:
Dithmenos
Fedhas
Nemelex Xobeh
Ru

Annotations:
D:3 3 runed translucent doors, dualclasshuman's ghost, amateur DsGl
D:4 exclusion: downstairs
D:6 Grinder


Innate Abilities, Weirdness & Mutations

You have very sharp teeth.
Your uncanny sense of smell can sniff out nearby items.
Your experience applies equally to all skills.


Message History

Grinder gestures at you.
You suddenly lose the ability to move!
You can move again.
Your frozen ramparts will break if you move.
Continue? [Y]es or [N]o only, please.
Your frozen ramparts will break if you move.
Continue?
Okay, then.
Casting: Sandblast (safe; 4% risk of failure)
Confirm with . or Enter, or press ? or * to list all spells.
Aiming: Sandblast (safe; 4% risk of failure)
Press: ? - help, Shift-Dir - straight line, f/p - Grinder
Aim: Grinder (moderately wounded, 77% to hit)
The blast of sand hits Grinder.
Grinder is moderately wounded.
The frozen ramparts melt away.
You block Grinder's attack. Grinder hits you but does no damage.
You aren't carrying any items that you can evoke.
Unknown command.
As you read the scroll of teleportation, it crumbles to dust.
You feel strangely unstable. You block Grinder's attack.
Magic courses through your body. Grinder gestures at you.
Pain shoots through your body!
* * * LOW HITPOINT WARNING * * *
Casting: Sandblast (safe; 4% risk of failure)
Confirm with . or Enter, or press ? or * to list all spells.
Aiming: Sandblast (safe; 4% risk of failure)
Press: ? - help, Shift-Dir - straight line, f/p - Grinder
Aim: Grinder (moderately wounded, 77% to hit)
The blast of sand hits Grinder but does no damage.
Grinder is moderately wounded.
Grinder says, "You look like you could use a good racking."
Grinder hits you.
* * * LOW HITPOINT WARNING * * *
You writhe in agony.
* * * LOW HITPOINT WARNING * * *
Grinder gestures at you. Pain shoots through your body!
You die...
Your body disappears without a glow.

..## ... .. #.#
# .) .# ##.##.#
#..5..# #..@##
#...#..# #.#
##.# .. #.# #
#<#
#####)#######
#...)......$.
...§§§.##.#..###
####§§§ .# ##


You could see Grinder.

Vanquished Creatures
  A two-headed ogre (D:5)
  An ogre (D:6)
  2 centaurs
  Blork the orc (D:4)
  A bullfrog (D:5)
  A necrophage (D:5)
  A gnoll sergeant (D:6)
  3 scorpions
  A howler monkey (D:3)
  A jelly (D:4)
  4 hounds
  An orc priest (D:4)
  Crazy Yiuf (D:2)
  Jessica (D:2)
  Ijyb (D:3)
  3 iguanas (D:5)
  An orc wizard (D:4)
  7 gnolls
  5 adders
  A shadow imp (D:5)
  An ufetubus (D:5)
  3 worms
  A dart slug (D:1)
  10 orcs
  2 ball pythons
  6 endoplasms
  3 giant cockroaches
  7 goblins
  6 hobgoblins
  3 jackals (D:2)
  3 quokkas
  6 bats
  2 frilled lizards
  5 kobolds
  4 rats
100 creatures vanquished.

Vanquished Creatures (others)
  2 fungi (D:4)
2 creatures vanquished.

Grand Total: 102 creatures vanquished

Notes
Turn   | Place    | Note
-------+----------+-------------------------------------------
     0 | D:1      | dolemite99 the Gnoll Ice Elementalist began the quest for
                  | the Orb.
     0 | D:1      | Reached XP level 1. HP: 13/13 MP: 6/6
   395 | D:1      | Reached XP level 2. HP: 19/19 MP: 3/7
   765 | D:1      | Found a faded altar of an unknown god.
   858 | D:1      | Reached XP level 3. HP: 25/25 MP: 7/9
   960 | D:1      | Reached skill level 5 in Spellcasting
  1297 | D:1      | Learned a level 3 spell: Frozen Ramparts
  1301 | D:1      | Learned a level 3 spell: Ozocubu's Armour
  1486 | D:2      | Noticed Jessica
  1506 | D:2      | Reached skill level 1 in Invocations
  1519 | D:2      | Killed Jessica
  1520 | D:2      | Reached skill level 1 in Fighting
  1520 | D:2      | Reached skill level 1 in Short Blades
  1520 | D:2      | Reached skill level 1 in Long Blades
  1520 | D:2      | Reached skill level 1 in Axes
  1520 | D:2      | Reached skill level 1 in Maces & Flails
  1520 | D:2      | Reached skill level 1 in Polearms
  1520 | D:2      | Reached skill level 1 in Staves
  1520 | D:2      | Reached skill level 1 in Slings
  1520 | D:2      | Reached skill level 1 in Bows
  1520 | D:2      | Reached skill level 1 in Crossbows
  1520 | D:2      | Reached skill level 1 in Throwing
  1520 | D:2      | Reached skill level 1 in Armour
  1520 | D:2      | Reached skill level 1 in Shields
  1520 | D:2      | Reached skill level 1 in Unarmed Combat
  1520 | D:2      | Reached skill level 1 in Evocations
  1520 | D:2      | Reached XP level 4. HP: 21/32 MP: 2/11
  2120 | D:2      | Reached skill level 1 in Conjurations
  2120 | D:2      | Reached skill level 1 in Hexes
  2120 | D:2      | Reached skill level 1 in Summonings
  2120 | D:2      | Reached skill level 1 in Necromancy
  2120 | D:2      | Reached skill level 1 in Translocations
  2120 | D:2      | Reached skill level 1 in Transmutations
  2120 | D:2      | Reached skill level 1 in Fire Magic
  2120 | D:2      | Reached skill level 1 in Air Magic
  2120 | D:2      | Reached skill level 1 in Earth Magic
  2120 | D:2      | Reached skill level 1 in Poison Magic
  2393 | D:2      | Found a runed translucent door.
  2394 | D:2      | Noticed Crazy Yiuf
  2401 | D:2      | Killed Crazy Yiuf
  2402 | D:2      | Reached XP level 5. HP: 29/37 MP: 5/12
  3286 | D:3      | Noticed Ijyb
  3287 | D:3      | Found a sacrificial altar of Ru.
  3306 | D:3      | Found a runed translucent gate.
  3306 | D:3      | Found a runed translucent gate.
  3306 | D:3      | Found a runed translucent gate.
  3315 | D:3      | Noticed dualclasshuman's ghost (amateur DsGl)
  3576 | D:3      | Killed Ijyb
  3577 | D:3      | Reached XP level 6. HP: 42/44 MP: 9/13
  3751 | D:4      | Learned a level 1 spell: Freeze
  3763 | D:4      | Found a sparkling altar of Nemelex Xobeh.
  3787 | D:4      | Became a worshipper of Nemelex Xobeh the Trickster
  3904 | D:4      | Reached skill level 5 in Dodging
  3955 | D:4      | Reached XP level 7. HP: 34/50 MP: 5/15
  4533 | D:4      | Noticed Blork the orc
  4565 | D:4      | Killed Blork the orc
  4622 | D:4      | Found a staircase to the Ecumenical Temple.
  4633 | D:4      | Learned a level 1 spell: Sandblast
  4677 | D:5      | Entered Level 5 of the Dungeon
  4677 | D:5      | Found a blossoming altar of Fedhas.
  5590 | D:5      | Reached skill level 5 in Stealth
  5743 | D:5      | Reached * piety under Nemelex Xobeh
  5852 | D:5      | Reached XP level 8. HP: 38/57 MP: 11/16
  6265 | D:5      | Noticed a two-headed ogre
  6273 | D:5      | Killed a two-headed ogre
  6757 | D:6      | Found a shadowy altar of Dithmenos.
  6770 | D:6      | Reached XP level 9. HP: 38/65 MP: 11/18
  7182 | D:6      | Noticed Grinder
  7191 | D:6      | Paralysed by Grinder for 2 turns
  7195 | D:6      | Killed from afar by Grinder

Illustrated notes

Levels and vault maps discovered:
D:1:      minmay_arrival_four_circles, layout_loops_ring,
          shapermc_ecumenical_altar_ellora, dreamdust_princess_bridge
D:2:      minmay_chambers_of_ones, layout_basic, dk_noncrumbling_4,
          uniq_crazy_yiuf_cottage, uniq_jessica
D:3:      layout_basic, lemuel_tele_altar, gammafunk_ghost_necromancy, uniq_ijyb
D:4:      layout_basic, mainiacjoe_overflow_cross_hatched, temple_hall,
          uniq_blork_the_orc
D:5:      layout_rooms, fedhas_bush_and_centaur_altar
D:6:      layout_rooms, mainiacjoe_overflow_tiny_flanked, grunt_dithmenos_smoke,
          kennysheep_opposing_triangles, uniq_grinder, uniq_eustachio

Skill      XL: |  1  2  3  4  5  6  7  8 |
---------------+-------------------------+-----
Spellcasting   | 5 6 |  6.4
Invocations    | 1 2 3 4 |  4.3
Fighting       | 1 2 3 |  3.9
Short Blades   | 1 2 3 |  3.9
Long Blades    | 1 2 3 |  3.9
Axes           | 1 2 3 |  3.9
Maces & Flails | 1 2 3 |  3.9
Polearms       | 1 2 3 |  3.9
Staves         | 1 2 3 |  3.9
Slings         | 1 2 3 |  3.9
Bows           | 1 2 3 |  3.9
Crossbows      | 1 2 3 |  3.9
Throwing       | 1 2 3 |  3.9
Armour         | 1 2 3 |  3.9
Shields        | 1 2 3 |  3.9
Unarmed Combat | 1 2 3 |  3.9
Evocations     | 1 2 3 |  3.9
Conjurations   | 1 2 3 |  3.2
Hexes          | 1 2 3 |  3.2
Summonings     | 1 2 3 |  3.2
Necromancy     | 1 2 3 |  3.2
Translocations | 1 2 3 |  3.2
Transmutations | 1 2 3 |  3.2
Fire Magic     | 1 2 3 |  3.2
Air Magic      | 1 2 3 |  3.2
Earth Magic    | 1 2 3 |  3.2
Poison Magic   | 1 2 3 |  3.2
Dodging        | 5 6 |  6.1
Stealth        | 5 |  5.8
Ice Magic      | |  7.9

Action                   |  1- 3 |  4- 6 |  7- 9 || total
-------------------------+-------+-------+-------++-------
Melee: Unarmed           |     1 |       |       ||     1
       Club              |     2 |     1 |       ||     3
       Trident           |       |    11 |       ||    11
       Bite              |       |     2 |       ||     2
       Hand axe          |       |       |     4 ||     4
 Fire: Hand crossbow     |       |       |    75 ||    75
Throw: Boomerang         |       |     7 |       ||     7
 Cast: Freeze            |    39 |    64 |    43 ||   146
       Frozen Ramparts   |     2 |     5 |     8 ||    15
       Sandblast         |       |       |    25 ||    25
       Ozocubu's Armour  |       |       |     1 ||     1
  Use: Scroll            |     1 |     9 |     3 ||    13
       Potion            |       |     1 |     3 ||     4
Armor: Robe              |     5 |     3 |       ||     8
       Leather armour    |       |    12 |    23 ||    35
Dodge: Dodged            |    26 |    38 |    71 ||   135
Block: Buckler           |     7 |    17 |    31 ||    55
       Reflection        |       |       |     1 ||     1

Table legend: (Time is in decaauts)
 A = Elapsed time spent in this place.
 B = Non-inter-level travel time spent in this place.
 C = Inter-level travel time spent in this place.
 D = Time resting spent in this place.
 E = Time spent auto-exploring this place.
 F = Levels seen in this place.
 G = Mean time per level.
                   A        B        C        D        E       F      G
               +--------+--------+--------+--------+--------+-----+--------+
         Total |   7258 |   7087 |    171 |   2824 |   3097 |   6 | 1209.7 |
       Dungeon |   7258 |   7087 |    171 |   2824 |   3097 |   6 | 1209.7 |
               +--------+--------+--------+--------+--------+-----+--------+

Top non-repeatable levels by time:
     D:5: 2262 daAuts
     D:1: 1454 daAuts
     D:4: 1261 daAuts
     D:3: 1145 daAuts
     D:2: 1052 daAuts
     D:6: 82 daAuts
